 Dungeon Crawl Stone Soup version 0.27.1-35-g4d5d836560 (console) character file.

Game seed: 3210932129883232365

2975 Banquo the Cleaver (level 10, 0/76 HPs)
             Began as a Formicid Fighter on Feb 26, 2022.
             Was an Initiate of Ashenzari.
             Slain by a komodo dragon (22 damage)
             ... on level 8 of the Dungeon.
             The game lasted 00:30:09 (7866 turns).

Banquo the Cleaver (Formicid Fighter)               Turns: 7866, Time: 00:30:10

Health: 0/76       AC: 13    Str: 25    XL:     10   Next: 8%
Magic:  10/10      EV:  6    Int: 13    God:    Ashenzari [......]
Gold:   394        SH: 11    Dex: 16    Spells: 9/9 levels left

rFire    . . .     SeeInvis +   a - +1 war axe (elec)
rCold    . . .     Faith    .   i - +0 kite shield
rNeg     . . .     Spirit   .   d - +0 plate armour of the Distant Augur {Self, Melee} (curse)
rPois    .         Reflect  .   (helmet unavailable)
rElec    .         Harm     .   (no cloak)
rCorr    .         Rampage  .   (no gloves)
Will     +....                  (no boots)
Stlth    ..........             (no amulet)
HPRegen  0.22/turn              u - +6 ring of dexterity
MPRegen  0.12/turn              w - +6 ring of intelligence

@: no status effects
A: permanent stasis, dig shafts and tunnels, antennae 3, four strong arms
a: Dig, Shaft Self, Renounce Religion, Curse Item, Shatter the Chains


You were on level 8 of the Dungeon.
You worshipped Ashenzari.
Ashenzari was noncommittal.
You visited 1 branch of the dungeon, and saw 8 of its levels.

You collected 394 gold pieces.

Inventory:

Hand Weapons
 a - a +1 war axe of electrocution (weapon)
 b - a +1 war axe of freezing
 o - a +0 spear
 q - a +3 flail
 r - a +1 dire flail
 G - a +3 war axe
Missiles
 c - 21 boomerangs
 e - 238 stones
 k - 43 poisoned darts
 l - 158 arrows
 E - a throwing net
Armour
 d - the cursed +0 plate armour of the Distant Augur (worn) {Self, Melee}
   (You found it on level 1 of the Dungeon)

   It has a curse which improves the following skills: Introspection: Fighting
   and Spellcasting.
   Melee Combat: Short Blades, Long Blades, Axes, Maces & Flails, Polearms,
   Staves and Unarmed Combat.
 i - a +0 kite shield (worn)
 s - a +0 scale mail
 C - the +0 ring mail of Ihoish {rC+ MP+9 Str+2 Int-5}
   (You found it on level 7 of the Dungeon)

   Str:       It affects your strength (+2).
   Int:       It affects your intelligence (-5).
   rC:        It protects you from cold.
   MP:        It affects your magic capacity (+9).
Jewellery
 u - a +6 ring of dexterity (left hand)
 w - a +6 ring of intelligence (right hand)
Wands
 p - a wand of flame (23)
 v - a wand of acid (9)
Scrolls
 h - 2 scrolls of fog
 m - 3 scrolls of noise
 x - 2 scrolls of enchant weapon
 y - a scroll of amnesia
 B - a scroll of fear
 H - a scroll of enchant armour
Potions
 f - 7 potions of curing
 g - a potion of lignification
 j - 3 potions of might
 n - a potion of brilliance
 t - a potion of cancellation
 z - a potion of heal wounds
 A - 2 potions of resistance
 D - a potion of flight
 F - a potion of magic


   Skills:
 + Level 5.4(6.0) Fighting
 * Level 9.9(10.4) Axes
 * Level 7.5 Armour
 * Level 7.3 Shields


You had 9 spell levels left.
You didn't know any spells.
Your spell library contained the following spells:

 Spells                   Type           Power      Damage    Failure   Level
 Freeze                   Ice            0%         1d3       99%         1
 Magic Dart               Conj           0%         1d3       99%         1
 Call Imp                 Summ           0%         N/A       100%        2
 Ensorcelled Hibernation  Hex/Ice        0%         N/A       100%        2
 Sublimation of Blood     Necr           0%         N/A       100%        2
 Wereblood                Tmut           0%         N/A       100%        2
 Frozen Ramparts          Ice            0%         1d2       100%        3
 Gell's Gravitas          Tloc           0%         N/A       100%        3
 Mephitic Cloud           Conj/Pois/Air  0%         N/A       100%        3
 Spider Form              Tmut/Pois      0%         N/A       100%        3
 Teleport Other           Tloc           0%         N/A       100%        3
 Hailstorm                Conj/Ice       0%         3d3       100%        4
 Dispersal                Tloc           0%         N/A       100%        6
 Shadow Creatures         Summ           N/A        N/A       100%        6
 Summon Hydra             Summ           0%         N/A       100%        7


Dungeon Overview and Level Annotations

Branches:
Dungeon (8/15)             Temple (0/1) D:6
   Lair: D:8-11

Altars:
Ashenzari
Dithmenos
Fedhas
Makhleb
Qazlal
Trog
Wu Jian
Yredelemnul

Shops:
D:4 :


Innate Abilities, Weirdness & Mutations

You cannot be hasted, slowed, berserked, paralysed or teleported.
You can dig through walls and to a lower floor.
You have a pair of large antennae on your head. (SInv)
Your four strong arms can wield two-handed weapons with a shield.


Message History

The orc priest is severely wounded.
You hit the orc. The orc priest closely misses you. You block the orc's attack.
You slice the orc priest!!
You kill the orc priest!
You closely miss the orc. You slash the orc!
You kill the orc!
You block the orc's attack.
You slash the orc!
You kill the orc!
No target in view!
You see here a +0 short sword.
Found a burning altar of Makhleb.
You see here a +3 war axe.
G - a +3 war axe
Items here: )) [ †.
You see here a +0 dagger.
You now have 394 gold pieces (gained 6).
H - a scroll of enchant armour
Found a runed robe.
You see here a +0 robe of fire resistance.
Found a scale mail.
A komodo dragon comes into view.
The komodo dragon hisses angrily.
You hit the komodo dragon.
The komodo dragon is lightly wounded.
The komodo dragon bites you! You block the komodo dragon's attack.
You barely miss the komodo dragon.
The komodo dragon is lightly wounded.
You hit the komodo dragon.
The komodo dragon is lightly wounded.
The komodo dragon bites you!
You slash the komodo dragon!
Lightning courses through the komodo dragon!
The komodo dragon is severely wounded.
The komodo dragon bites you! The komodo dragon bites you!!
* * * LOW HITPOINT WARNING * * *
You slash the komodo dragon!
The komodo dragon is almost dead.
The komodo dragon bites you!!
You die...

........... #...#....
..[......####+###...#....P..
.........###...............P
........................P.P.
########.................P.P
....................###...P.
............####....#....P..
......................#
.......#........@l....#
.......#..............#
..............###.........
...........................
............................
............................
. ................
................


You could see a komodo dragon.

Vanquished Creatures
  Sigmund (D:4)
  A wyvern (D:8)
  Menkaure (D:4)
  2 water moccasins
  3 black bears (D:5)
  3 sky beasts
  An ice beast (D:3)
  A necrophage (D:7)
  A centaur (D:7)
  4 phantoms
  A bullfrog (D:7)
  2 wyvern skeletons
  10 wights (D:6)
  A centaur zombie (D:8)
  A hound (D:4)
  3 orc priests
  2 jellies
  A bullfrog skeleton (D:7)
  An iguana (D:3)
  A scorpion zombie (D:3)
  5 orc wizards
  A killer bee zombie (D:7)
  A hound zombie (D:3)
  Robin (D:3)
  4 gnolls (D:7)
  A howler monkey skeleton (D:5)
  5 adders
  A white imp (D:8)
  An adder zombie (D:3)
  2 adder skeletons (D:3)
  A worm (D:2)
  4 dart slugs
  18 orcs
  2 bats
  6 endoplasms
  A giant cockroach (D:4)
  13 goblins
  8 hobgoblins
  7 quokkas
  6 ball pythons
  3 frilled lizards
  A jackal skeleton (D:3)
  5 kobolds
  5 rats
143 creatures vanquished.

Vanquished Creatures (others)
  4 fungi (D:8)
  A plant (D:8)
  6 withered plants (D:3)
11 creatures vanquished.

Grand Total: 154 creatures vanquished

Notes
Turn   | Place    | Note
-------+----------+-------------------------------------------
     0 | D:1      | Banquo the Formicid Fighter began the quest for the Orb.
     0 | D:1      | Reached XP level 1. HP: 18/18 MP: 1/1
   182 | D:1      | Reached XP level 2. HP: 21/24 MP: 2/2
   306 | D:1      | Reached skill level 3 in Axes
   524 | D:1      | Reached XP level 3. HP: 29/29 MP: 3/3
  1594 | D:2      | Reached XP level 4. HP: 30/35 MP: 4/4
  1852 | D:3      | Noticed Robin
  2283 | D:3      | Noticed a phantom
  2364 | D:2      | You fall into a shaft and drop 1 floor!
  2364 | D:3      | Noticed an ice beast
  2366 | D:3      | Found a basalt altar of Yredelemnul.
  2375 | D:3      | You fall into a shaft and drop 1 floor!
  2563 | D:4      | Noticed Menkaure
  2569 | D:5      | Entered Level 5 of the Dungeon
  2737 | D:5      | Reached skill level 4 in Axes
  2737 | D:5      | Reached XP level 5. HP: 12/41 MP: 5/5
  3347 | D:3      | Killed an ice beast
  3348 | D:3      | Reached skill level 5 in Axes
  3348 | D:3      | Reached XP level 6. HP: 37/48 MP: 6/6
  3468 | D:3      | Found a faded altar of an unknown god.
  3673 | D:3      | Reached XP level 7. HP: 38/53 MP: 7/7
  3801 | D:3      | Killed Robin
  3873 | D:3      | Became a worshipper of Ashenzari the Shackled
  3927 | D:3      | Reached skill level 6 in Axes
  4296 | D:4      | Noticed Sigmund
  4423 | D:4      | You fall into a shaft and drop 2 floors!
  4424 | D:6      | Found a staircase to the Ecumenical Temple.
  4445 | D:6      | You fall into a shaft and drop 1 floor!
  4445 | D:7      | Noticed a water moccasin
  4467 | D:7      | Killed a water moccasin
  4468 | D:7      | Reached skill level 5 in Armour
  4674 | D:6      | Reached XP level 8. HP: 51/61 MP: 8/8
  4740 | D:6      | Reached skill level 5 in Shields
  4767 | D:6      | Reached skill level 7 in Axes
  5305 | D:4      | Killed Menkaure
  5378 | D:4      | Reached XP level 9. HP: 68/68 MP: 9/9
  5580 | D:4      | Killed Sigmund
  5581 | D:4      | Reached skill level 8 in Axes
  5586 | D:4      | Found Iquodatwu's Book Shoppe.
  5802 | D:5      | Found a bloodstained altar of Trog.
  5858 | D:5      | Found a shadowy altar of Dithmenos.
  6636 | D:6      | Reached skill level 9 in Axes
  6987 | D:7      | Identified the +0 ring mail of Ihoish {rC+ MP+9 Str+2
                  | Int-5}
  7047 | D:7      | Reached skill level 5 in Fighting
  7206 | D:7      | Found an ornate altar of the Wu Jian Council.
  7664 | D:8      | Found a blossoming altar of Fedhas.
  7666 | D:8      | Found a stormy altar of Qazlal.
  7702 | D:8      | Reached XP level 10. HP: 58/76 MP: 10/10
  7799 | D:8      | Found a burning altar of Makhleb.
  7852 | D:8      | Noticed a komodo dragon
  7866 | D:8      | Slain by a komodo dragon

Illustrated notes

Levels and vault maps discovered:
D:1:      dpeg_arrival_solitude, layout_loops_cross
D:2:      layout_basic, kennysheep_generic_room_11
D:3:      layout_loops_cross, mainiacjoe_overflow_cross_hatched, serial_undead,
          serial_undead_d, serial_undead_a, serial_undead_f, serial_undead_b,
          serial_undead_f, hellmonk_ecumenical_altar_crossroads,
          kennysheep_cluttered_room, hangedman_decor_diamond_cutter,
          st_stairs_8, uniq_robin
D:4:      layout_rooms, serial_shops, nicolae_inconvenience_store,
          minmay_quadrilaterals, uniq_sigmund, uniq_menkaure
D:5:      layout_basic, mainiacjoe_overflow_boulevard, trog_ov_bears_minmay
D:6:      layout_basic, temple_pool_b
D:7:      layout_rooms, lemuel_doored_altar
D:8:      layout_basic, grunt_temple_overflow_forces_of_nature,
          jmf_multi_god_temple2, mainiacjoe_overflow_small_starburst,
          grunt_lair_entry_orc_guard_hut, kennysheep_doodads

Skill      XL: |  1  2  3  4  5  6  7  8  9 |
---------------+----------------------------+-----
Axes           | 3 4 5 6 7 9 |  9.9
Armour         | 4 5 6 7 |  7.5
Shields        | 4 6 7 |  7.3
Fighting       | 4 5 |  5.4

Action                   |  1- 3 |  4- 6 |  7- 9 | 10-12 || total
-------------------------+-------+-------+-------+-------++-------
Melee: War axe           |    78 |   123 |   245 |    15 ||   461
Invok: Curse Item        |       |       |     1 |       ||     1
 Abil: Dig               |     1 |     6 |    11 |       ||    18
       Shaft Self        |       |     2 |     2 |       ||     4
  Use: Scroll            |     2 |     5 |       |       ||     7
Armor: Scale mail        |    15 |       |       |       ||    15
       Plate armour      |    23 |    57 |    89 |     3 ||   172
Dodge: Dodged            |    14 |    16 |    47 |     2 ||    79
Block: Kite shield       |    37 |    59 |   110 |    11 ||   217
